 Dungeon Crawl Stone Soup version 0.31-a0-1549-g5ff9445e89 (webtiles) character file.

Game seed: 16692190909437260217

345 grandjackal the Chopper (level 6, 0/50 HPs)
             Began as a Demonspawn Gladiator on Jan 2, 2024.
             Killed from afar by a gnoll bouda (3 damage)
             ... with a puff of flame
             ... on level 4 of the Dungeon.
             The game lasted 00:04:00 (3864 turns).

grandjackal the Chopper (Demonspawn Gladiator)      Turns: 3864, Time: 00:04:01

Health: 0/50       AC:  6    Str: 22    XL:     6   Next: 32%
Magic:  6/6        EV: 12    Int:  8    God:
Gold:   365        SH:  0    Dex: 15    Spells: 5/5 levels left

rFire   . . .        a - +0 war axe
rCold   . . .        (no shield)
rNeg    . . .        v - +0 ring mail
rPois   .            c - +0 helmet
rElec   .            (no cloak)
rCorr   .            (no gloves)
SInv    .            (no boots)
Will    .....        q - amulet of the acrobat
Stlth   +            w - +6 ring of strength
HPRegen 0.28/turn    (no ring)
MPRegen 0.10/turn

%: acrobat
@: weakened
A: powered by pain 2, weakness stinger 2
a: no special abilities


You were on level 4 of the Dungeon.
You visited 1 branch of the dungeon, and saw 4 of its levels.
You also visited: Sewer.

You collected 365 gold pieces.

Inventory:

Hand Weapons
 a - a +0 war axe (weapon)
Missiles
 d - 2 throwing nets (quivered)
 e - a javelin
 k - 7 boomerangs
Armour
 c - a +0 helmet (worn)
 v - a +0 ring mail (worn)
Jewellery
 q - an amulet of the acrobat (around neck)
 w - a +6 ring of strength (left hand)
 y - a ring of ice
Scrolls
 b - 2 scrolls of revelation {unknown}
 f - 3 scrolls of identify {unknown}
 g - 2 scrolls of immolation {unknown}
 i - a scroll of fog {unknown}
 m - a scroll of enchant armour {unknown}
 n - a scroll of poison {unknown}
 s - 2 scrolls of teleportation {unknown}
 t - a scroll of fear {unknown}
 u - a scroll of enchant weapon {unknown}
 z - a scroll of torment {unknown}
Potions
 h - 2 potions of enlightenment {unknown}
 j - a potion of ambrosia {unknown}
 l - a potion of mutation {unknown}
 o - 2 potions of brilliance {unknown}
 p - 2 potions of attraction {unknown}
 r - 2 potions of curing {unknown}
 x - 2 potions of might {unknown}
 A - a potion of berserk rage {unknown}


   Skills:
 + Level 4.8 Fighting
 + Level 4.8 Axes
 - Level 2.0 Throwing
 - Level 3.0 Dodging


You had 5 spell levels left.
You didn't know any spells.
Your spell library was empty.

Dungeon Overview and Level Annotations

Branches:
Dungeon (4/15)              Sewer (visited)
 Temple: D:4-7

Altars:
Ashenzari
Vehumet
Wu Jian
Yredelemnul

Annotations:
D:3 3 runed translucent doors, bungle's ghost, amateur MiBe; wildpjah's ghost, amateur KoEn


Innate Abilities, Weirdness & Mutations

You sometimes gain power by taking damage.
You have a tail ending in a sharp stinger.


Message History

You open the door.
There is an open door here.
There is an open door here.
There is a large open door here.
There is an open door here.
A gnoll bouda comes into view.
It is wielding a +0 club and carrying a wand of flame.
The gnoll bouda shouts!
You see here a +0 spear.
You barely miss the gnoll bouda.
The gnoll bouda zaps a wand.
The puff of flame hits you.
The gnoll bouda zaps a wand.
The puff of flame hits you!
You barely miss the gnoll bouda.
The gnoll bouda hits you but does no damage.
You hit the gnoll bouda.
The gnoll bouda is lightly wounded.
The gnoll bouda zaps a wand.
The puff of flame hits you!
You closely miss the gnoll bouda.
The gnoll bouda is lightly wounded.
The gnoll bouda zaps a wand.
The puff of flame hits you!
You are too injured to fight recklessly!
You are too injured to fight recklessly!
You slash the gnoll bouda!
The gnoll bouda is severely wounded.
The gnoll bouda mumbles some strange prayers to its god.
The gnoll bouda is healed somewhat.
You hit the gnoll bouda but do no damage.
The gnoll bouda is heavily wounded.
The gnoll bouda zaps a wand.
The puff of flame hits you!
* * * LOW HITPOINT WARNING * * *
The gnoll bouda zaps a wand.
The puff of flame hits you!
* * * LOW HITPOINT WARNING * * *
You hit the gnoll bouda but do no damage.
The gnoll bouda is heavily wounded.
The gnoll bouda gazes fiercely through you!
You feel your attacks grow feeble. The gnoll bouda closely misses you.
You closely miss the gnoll bouda.
The gnoll bouda is heavily wounded.
The gnoll bouda zaps a wand.
The puff of flame hits you.
You die...

..######..............(..........
..######.##########.######.######
........[..# ##..............
##.#####.#.# #......>#.######
#.#####'#'#######.#######.##
#.##...........##..........#
#.##...........##..<.......#
#.##...........##(.........##
#.##...........@.).........'#
#.##..........g##..........'####
#.##...........##.#.............
#.###'###########'#.............
#.....#########.................
#...............................
#...............................
#...............................
#...............''#.............


You could see a gnoll bouda.

Vanquished Creatures
  A crocodile (Sewer)
  A centaur zombie (D:4)
  A howler monkey zombie (D:4)
  Robin (D:3)
  8 gnolls
  An adder (D:3)
  A ribbon worm (D:2)
  2 dart slugs
  6 orcs
  13 ball pythons
  6 endoplasms
  5 giant cockroaches
  22 goblins
  7 hobgoblins
  8 jackals
  6 quokkas
  2 bats
  5 frilled lizards
  4 kobolds
  4 rats
104 creatures vanquished.

Notes
Turn   | Place    | Note
-------+----------+-------------------------------------------
     0 | D:1      | grandjackal the Demonspawn Gladiator began the quest for
                  | the Orb.
     0 | D:1      | Reached XP level 1. HP: 16/16 MP: 1/1
   198 | D:1      | Gained mutation: You sometimes gain a little power by
                  | taking damage. [demonic ancestry]
   198 | D:1      | Reached XP level 2. HP: 21/22 MP: 2/2
   769 | D:2      | Reached XP level 3. HP: 20/28 MP: 3/3
   950 | D:2      | Found Awedum's Armour Emporium.
  1026 | D:2      | Found a faded altar of an unknown god.
  1387 | D:2      | Found an ornate altar of the Wu Jian Council.
  1690 | D:3      | Gained mutation: You sometimes gain power by taking damage.
                  | [demonic ancestry]
  1690 | D:3      | Reached XP level 4. HP: 35/35 MP: 4/4
  2056 | D:3      | Found a broken altar of Ashenzari.
  2520 | D:3      | Found a runed translucent gate.
  2520 | D:3      | Found a runed translucent gate.
  2521 | D:3      | Found a runed translucent gate.
  2524 | D:3      | Noticed wildpjah's ghost (amateur KoEn)
  2524 | D:3      | Noticed bungle's ghost (amateur MiBe)
  2662 | D:3      | Noticed Robin
  2678 | D:3      | Gained mutation: You have a small tail. [demonic ancestry]
  2678 | D:3      | Reached XP level 5. HP: 35/42 MP: 5/5
  2690 | D:3      | Killed Robin
  3376 | D:4      | Found a glowing drain.
  3380 | Sewer    | Entered a sewer
  3455 | Sewer    | Noticed a crocodile
  3467 | Sewer    | Killed a crocodile
  3468 | Sewer    | Gained mutation: You have a tail ending in a sharp stinger.
                  | [demonic ancestry]
  3468 | Sewer    | Reached XP level 6. HP: 29/49 MP: 6/6
  3615 | D:4      | Found a radiant altar of Vehumet.
  3665 | D:4      | Found a basalt altar of Yredelemnul.
  3862 | D:4      | HP: 2/50 [gnoll bouda/puff of flame (9)]
  3864 | D:4      | Killed from afar by a gnoll bouda

Illustrated notes

Levels and vault maps discovered:
D:1:      lemuel_arrival_muddy, layout_basic
D:2:      layout_loops_ring, serial_shops, nicolae_shop_stone,
          dreamdust_ecumenical_altar_hidden_monk_grotto, basic_altar,
          corexii_shack
D:3:      layout_loops_corners, mainiacjoe_overflow_concentric_impassable,
          mainiacjoe_overflow_catwalk, gammafunk_ghost_cemetery,
          wander_ebering_terrifying_dragon_lair, uniq_robin
D:4:      layout_basic, lemuel_zombie_altar_yredelemnul, fiery_altar_vehumet,
          gup_sewer_entry_spiral, eino_curves_02

Skill      XL: |  1  2  3  4  5 |
---------------+----------------+-----
Throwing       | 2 |  2.0
Dodging        | 3 |  3.0
Axes           | 3 4 |  4.8
Fighting       | 3 4 |  4.8

Action                     |  1- 3 |  4- 6 || total
---------------------------+-------+-------++-------
  Melee: War axe           |   145 |   183 ||   328
         Punch             |     1 |     1 ||     2
         Tailslap          |       |    11 ||    11
  Throw: Boomerang         |       |     4 ||     4
         Throwing net      |       |     2 ||     2
   Stab: Sleeping          |     1 |       ||     1
 Armour: Leather armour    |    95 |    29 ||   124
         Ring mail         |       |    89 ||    89
  Dodge: Dodged            |   142 |   156 ||   298

Table legend: (Time is in decaauts)
 A = Elapsed time spent in this place.
 B = Non-inter-level travel time spent in this place.
 C = Inter-level travel time spent in this place.
 D = Time resting spent in this place.
 E = Time spent auto-exploring this place.
 F = Levels seen in this place.
 G = Mean time per level.
                   A        B        C        D        E       F      G
               +--------+--------+--------+--------+--------+-----+--------+
         Total |   4021 |   3928 |     93 |    410 |   2475 |   5 |  804.2 |
       Dungeon |   3864 |   3771 |     93 |    410 |   2407 |   4 |  966.0 |
         Sewer |    157 |    157 |      0 |      0 |     67 |   1 |  157.0 |
               +--------+--------+--------+--------+--------+-----+--------+

Top non-repeatable levels by time:
     D:3: 1443 daAuts
     D:2: 905 daAuts
     D:4: 849 daAuts
     D:1: 666 daAuts
   Sewer: 157 daAuts
